 Dungeon Crawl Stone Soup version 0.31-a0-564-g3b7de120b3 (webtiles) character file.

Game seed: 7624127278478700043

3450 Dittersdorf the Protected (level 10, -3/64 HPs)
             Began as a Gargoyle Fighter on Aug 17, 2023.
             Was a Follower of Okawaru.
             Slain by an orc warrior
             ... wielding a +0 bardiche
              (12 damage)
             ... in a bailey.
             The game lasted 00:10:34 (6895 turns).

Dittersdorf the Protected (Gargoyle Fighter)        Turns: 6895, Time: 00:10:34

Health: -3/64      AC: 18    Str: 24    XL:     10   Next: 6%
Magic:  0/10       EV:  9    Int:  9    God:    Okawaru [*.....]
Gold:   379        SH:  6    Dex:  9    Spells: 9/9 levels left

rFire   + . .        q - +5 morningstar
rCold   . . .        c - +1 buckler
rNeg    + . .        b - +0 scale mail {rF+}
rPois   ∞            r - +0 helmet
rElec   +            (no cloak)
rCorr   .            (no gloves)
SInv    .            i - +0 pair of boots
Will    .....        k - amulet of guardian spirit Stlth
                     (no ring)
HPRegen 0.30/turn    (no ring)
MPRegen 0.12/turn

%: guardian spirit
@: mighty
A: sickness immunity, AC +7, negative energy resistance 1, electricity
resistance, torment resistance 1, petrification resistance
a: Renounce Religion, Heroism


You were in a bailey.
You worshipped Okawaru.
Okawaru was aware of your devotion.
You visited 2 branches of the dungeon, and saw 8 of its levels.
You also visited: Bailey.

You collected 379 gold pieces.

Inventory:

Hand Weapons
 q - a +5 morningstar (weapon)
Armour
 b - a +0 scale mail of fire resistance (worn)
 c - a +1 buckler (worn)
 i - a +0 pair of boots (worn)
 r - a +0 helmet (worn)
Jewellery
 k - an amulet of guardian spirit (around neck)
Wands
 m - a wand of flame (10) (quivered)
Scrolls
 d - a scroll of teleportation
 g - 2 scrolls of poison
 o - a scroll of silence
 p - a scroll of enchant weapon
Potions
 a - 2 potions of curing {unknown}
 e - a potion of ambrosia {unknown}
 f - 2 potions of lignification {unknown}
 h - a potion of brilliance
 j - a potion of heal wounds
 l - 2 potions of enlightenment
 n - 3 potions of invisibility
 s - a potion of haste {unknown}
 t - a potion of might
 u - a potion of resistance {unknown}
 v - 2 potions of mutation {unknown}


   Skills:
 + Level 8.3 Fighting
 + Level 7.3 Maces & Flails
 + Level 8.4 Armour
 + Level 8.3 Shields


You had 9 spell levels left.
You didn't know any spells.
Your spell library contained the following spells:

 Spells                   Type           Power      Damage    Failure   Level
 Magic Dart               Conj           0%         1d3       71%         1
 Necrotise                Necr           0%         1d4       71%         1
 Slow                     Hex            0%         N/A       71%         1
 Sting                    Tmut/Pois      0%         1d3       71%         1
 Poisonous Vapours        Pois/Air       0%         N/A       83%         2
 Searing Ray              Conj           0%         2d4       83%         2
 Confusing Touch          Hex            0%         N/A       97%         3
 Vampiric Draining        Necr           0%         2d6       97%         3
 Fulminant Prism          Conj/Hex       0%         3d5       100%        4
 Olgreb's Toxic Radiance  Pois           0%         N/A       100%        4
 Agony                    Necr           0%         N/A       100%        5


Dungeon Overview and Level Annotations

Branches:
Dungeon (7/15)             Temple (1/1) D:6          Bailey (1/1)

Altars:
Ashenzari
Cheibriados
Dithmenos
Fedhas
Gozag
Hepliaklqana
Kikubaaqudgha
Makhleb
Nemelex Xobeh
Okawaru
Ru
Sif Muna
Trog
Uskayaw
Wu Jian
Xom
Yredelemnul
Zin
The Shining One


Innate Abilities, Weirdness & Mutations

You are immune to sickness and miasma.
Your stone body is resilient. (AC +7)
You are immune to poison.
You resist negative energy. (rN+)
You are resistant to electric shocks. (rElec)
You are resistant to unholy torment.
You are immune to petrification.


Message History

You sock the orc warrior!
The orc warrior is heavily wounded.
You block the orc warrior's attack.
You closely miss the orc warrior.
The orc warrior is heavily wounded.
The orc warrior hits you with a +0 halberd.
You thump the orc warrior!
The orc warrior is almost dead.
The orc warrior hits you but does no damage. x2
You closely miss the orc warrior.
The orc warrior is almost dead.
The orc warrior barely misses you.
The orc warrior hits you but does no damage.
You barely miss the orc warrior.
The orc warrior is almost dead.
The orc warrior hits you but does no damage.
The orc warrior hits you with a +0 halberd!
You barely miss the orc warrior.
The orc warrior is almost dead.
The orc warrior hits you from afar with a +0 bardiche!
The orc warrior barely misses you.
You puncture the orc warrior!
You kill the orc warrior!
Okawaru accepts your kill.
The orc warrior hits you from afar with a +0 bardiche!
The orc warrior hits you from afar with a +0 bardiche.
* * * LOW HITPOINT WARNING * * *
The orc warrior hits you with a +0 bardiche!
* * * LOW HITPOINT WARNING * * *
You hit the orc warrior.
The orc warrior is moderately wounded.
You block the orc warrior's attack.
You closely miss the orc warrior.
The orc warrior is moderately wounded.
The orc warrior hits you with a +0 bardiche.
* * * LOW HITPOINT WARNING * * *
You closely miss the orc warrior.
The orc warrior is moderately wounded.
The orc warrior hits you with a +0 bardiche!
You die...

#.....#
##'''##
#.....#
#.....#
#.....#
#.....#
#.....#
##''o##
##...@.##
#.......#
#...)...#
#..#.#..#
#..#8#).#
#....)..#
##..)..##
###'###
#...#


You could see an orc warrior.

Vanquished Creatures
  An orc knight (Bailey)
  Prince Ribbit (D:7)
  A steam dragon (D:7)
  8 orc warriors
  An ice beast (D:5)
  A black bear (D:5)
  An ogre (D:4)
  A centaur (D:6)
  2 bullfrogs (D:6)
  2 gnoll sergeants
  A scorpion (D:5)
  9 wights
  A jelly (D:5)
  3 sleepcaps
  Jessica (D:3)
  4 iguanas
  3 orc wizards
  Robin (D:4)
  22 gnolls
  10 adders
  A shadow imp (D:6)
  2 white imps
  4 ufetubi
  3 worms
  3 dart slugs
  32 orcs
  4 ball pythons
  3 bats
  8 endoplasms
  22 goblins
  9 hobgoblins
  3 jackals (D:5)
  2 quokkas (D:1)
  4 frilled lizards
  6 kobolds
  8 rats
188 creatures vanquished.

Notes
Turn   | Place    | Note
-------+----------+-------------------------------------------
     0 | D:1      | Dittersdorf the Gargoyle Fighter began the quest for the
                  | Orb.
     0 | D:1      | Reached XP level 1. HP: 14/14 MP: 1/1
    74 | D:1      | Reached XP level 2. HP: 19/19 MP: 2/2
   269 | D:1      | Reached XP level 3. HP: 21/23 MP: 3/3
   746 | D:2      | Reached XP level 4. HP: 29/29 MP: 4/4
   817 | D:2      | Found a faded altar of an unknown god.
  1038 | D:2      | Reached XP level 5. HP: 8/33 MP: 5/5
  1553 | D:3      | Noticed Jessica
  1562 | D:3      | Killed Jessica
  2345 | D:3      | Found a blossoming altar of Fedhas.
  2705 | D:4      | Found an ancient bone altar of Kikubaaqudgha.
  2734 | D:4      | Found a shimmering altar of Xom.
  2751 | D:4      | Reached XP level 6. HP: 39/39 MP: 4/6
  2997 | D:4      | Found an opulent altar of Gozag.
  3030 | D:4      | Noticed Robin
  3041 | D:4      | Killed Robin
  3548 | D:5      | Entered Level 5 of the Dungeon
  3555 | D:4      | Reached skill level 5 in Fighting
  3555 | D:4      | Reached skill level 5 in Armour
  3555 | D:4      | Reached skill level 5 in Shields
  3555 | D:4      | Reached XP level 7. HP: 44/44 MP: 7/7
  4314 | D:6      | Reached XP level 8. HP: 51/51 MP: 8/8
  4425 | D:6      | Reached skill level 5 in Maces & Flails
  4607 | D:6      | Found a shadowy altar of Dithmenos.
  4892 | D:6      | Found a staircase to the Ecumenical Temple.
  5102 | D:5      | Reached XP level 9. HP: 46/56 MP: 6/9
  5513 | Temple   | Entered the Ecumenical Temple
  5517 | Temple   | Became a worshipper of Warmaster Okawaru
  5827 | D:6      | Found a broken altar of Ashenzari.
  5962 | D:7      | Noticed Prince Ribbit
  5976 | D:7      | Killed Prince Ribbit
  5998 | D:7      | Found a burning altar of Makhleb.
  6119 | D:7      | Found a flagged portal.
  6145 | Bailey   | Entered a bailey
  6159 | Bailey   | Reached * piety under Okawaru
  6667 | Bailey   | Noticed an orc knight
  6834 | Bailey   | Killed an orc knight
  6835 | Bailey   | Reached XP level 10. HP: 38/64 MP: 1/10
  6895 | Bailey   | Slain by an orc warrior

Illustrated notes

Levels and vault maps discovered:
D:1:      dpeg_arrival_connections, layout_basic
D:2:      layout_basic, chequers_ecumenical_altar_simple_redux
D:3:      layout_loops_ring, fedhas_altar_fruit_tree, uniq_jessica
D:4:      layout_loops_ring, grunt_gozag_statues,
          nicolae_kikubaaqudgha_miasma_corner, xom_teletrap_fun,
          grunt_ministairs_5, kennysheep_small_circle, uniq_robin
D:5:      layout_cave_pools
D:6:      layout_basic, mainiacjoe_overflow_cross_hatched,
          mainiacjoe_overflow_six_doors_small, temple_green, sigmund_army
D:7:      layout_rooms, nicolae_elyvilon_peaceful_grove, kennysheep_mini,
          enter_bailey_3, serial_park_tiny_1, uniq_prince_ribbit1
Temple:   hellmonk_temple_two_chambers
Bailey:   bailey_polearm_5, bailey

Skill      XL: |  1  2  3  4  5  6  7  8  9 |
---------------+----------------------------+-----
Fighting       | 4 5 6 8 |  8.3
Armour         | 4 5 6 8 |  8.4
Shields        | 4 5 6 8 |  8.3
Maces & Flails | 3 4 5 7 |  7.3

Action                     |  1- 3 |  4- 6 |  7- 9 | 10-12 || total
---------------------------+-------+-------+-------+-------++-------
  Melee: Flail             |   112 |   195 |   196 |       ||   503
         Morningstar       |       |       |   105 |    12 ||   117
 Invoke: Heroism           |       |       |     3 |       ||     3
    Use: Scroll            |       |     5 |    11 |       ||    16
         Potion            |       |       |     5 |       ||     5
   Stab: Distracted        |       |       |     3 |       ||     3
 Armour: Scale mail        |    60 |    37 |   150 |     4 ||   251
         Chain mail        |       |    74 |    90 |       ||   164
  Dodge: Dodged            |    55 |    88 |   187 |     3 ||   333
  Block: Buckler           |    26 |    46 |   139 |     5 ||   216

Table legend: (Time is in decaauts)
 A = Elapsed time spent in this place.
 B = Non-inter-level travel time spent in this place.
 C = Inter-level travel time spent in this place.
 D = Time resting spent in this place.
 E = Time spent auto-exploring this place.
 F = Levels seen in this place.
 G = Mean time per level.
                   A        B        C        D        E       F      G
               +--------+--------+--------+--------+--------+-----+--------+
         Total |   7042 |   6662 |    380 |   1587 |   3323 |   9 |  782.4 |
       Dungeon |   6272 |   5898 |    374 |   1128 |   3284 |   7 |  896.0 |
        Temple |      8 |      2 |      6 |      0 |      0 |   1 |    8.0 |
        Bailey |    761 |    761 |      0 |    459 |     39 |   1 |  761.0 |
               +--------+--------+--------+--------+--------+-----+--------+

Top non-repeatable levels by time:
     D:2: 1355 daAuts
     D:6: 1309 daAuts
     D:5: 1111 daAuts
     D:4: 979 daAuts
  Bailey: 761 daAuts
     D:3: 729 daAuts
     D:1: 590 daAuts
     D:7: 196 daAuts
  Temple: 8 daAuts
